 Dungeon Crawl Stone Soup version 0.26-a0-611-g354ed81502 (webtiles) character file.

Game seed: 7779718367240987825

1127 MrRokkomies the Firebug (level 7, 0/50 HPs)
             Began as a Demigod Fire Elementalist on Sept 7, 2020.
             Slain by an orc
             ... wielding a +0 flail
              (11 damage)
             ... on level 6 of the Dungeon.
             The game lasted 00:08:27 (6624 turns).

MrRokkomies the Firebug (Demigod Fire Elementalist) Turns: 6624, Time: 00:08:28

Health: 0/50       AC:  6    Str: 11    XL:     7   Next: 89%
Magic:  18/24      EV: 14    Int: 23    God:
Gold:   295        SH:  0    Dex: 16    Spells: 5/13 levels left

rFire    . . .     SeeInvis .   s - +2 dagger (drain)
rCold    . . .     Faith    .   (no shield)
rNeg     . . .     Spirit   .   a - +0 robe
rPois    .         Reflect  .   t - +0 helmet
rElec    .         Harm     .   (no cloak)
rCorr    .                      (no gloves)
MR       .....                  r - +2 pair of boots {run}
Stlth    ++........             (no amulet)
HPRegen  0.16/turn              o - ring of magical power
MPRegen  0.19/turn              (no ring)

@: quick
A: high mp 1
a: no special abilities


You were on level 6 of the Dungeon.
You visited 1 branch of the dungeon, and saw 6 of its levels.

You collected 295 gold pieces.

Inventory:

Hand Weapons
 c - a +0 quarterstaff
 s - a +2 dagger of draining (weapon)
 v - a +2 dagger of holy wrath
Missiles
 n - a throwing net (quivered)
Armour
 a - a +0 robe (worn)
 r - a +2 pair of boots of running (worn)
 t - a +0 helmet (worn)
Jewellery
 o - a ring of magical power (left hand)
Wands
 m - a wand of flame (19)
 u - a wand of digging (3)
Scrolls
 d - 2 scrolls of fear
 i - a scroll of remove curse
 j - a scroll of identify
 w - a scroll of teleportation
Potions
 b - 4 potions of curing
 e - 2 potions of mutation
 f - 2 potions of heal wounds
 g - a potion of stabbing
 h - a potion of brilliance
 k - a potion of haste {unknown}
 l - a potion of flight {unknown}
 p - a potion of invisibility {unknown}
 q - a potion of cancellation {unknown}


   Skills:
 + Level 3.9 Dodging
 - Level 2.1 Stealth
 + Level 3.6 Spellcasting
 * Level 5.0 Conjurations
 * Level 5.6 Fire Magic


You had 5 spell levels left.
You knew the following spells:

 Your Spells              Type           Power        Failure   Level
a - Foxfire               Conj/Fire      ####         1%          1
b - Conjure Flame         Conj/Fire      ####....     3%          3
c - Sticky Flame          Conj/Fire      ####....     12%         4

Your spell library contained the following spells:

 Spells                   Type           Power        Failure   Level
 Inner Flame              Hex/Fire       ###.....     11%         3
 Fireball                 Conj/Fire      ####......   32%         5


Dungeon Overview and Level Annotations

Branches:
Dungeon (6/15)             Temple (0/1) D:5

Shops:
D:6 =


Innate Abilities, Weirdness & Mutations

You have an increased reservoir of magic. (+10% MP)


Message History

Casting: Foxfire (safe; 1% risk of failure)
Confirm with . or Enter, or press ? or * to list all spells.
You conjure some foxfire!
The foxfire hits the hound zombie!
The hound zombie is severely damaged.
The foxfire hits the hound zombie.
The hound zombie is almost destroyed.
The hound zombie bites you.
* * * LOW HITPOINT WARNING * * *
The worker ant zombie misses you.
Unknown command.
The foxfire hits the orc.
The orc is heavily wounded.
The foxfire hits the worker ant zombie.
The worker ant zombie is severely damaged.
The worker ant zombie bites you.
* * * LOW HITPOINT WARNING * * *
The orc throws a boomerang.
The boomerang closely misses you.
The weapon returns to the orc!
The orc hits you with a +0 flail!
You die...

............
#...........
#........... ..
#...........
...#...........
......o..# .......Z.#
... .......oZ# ...
##....##@# #+#.# ..
#.... #.# #.#.# ..
.'.... #.#+#.#.##### ..
##).. #..)..#.#... ..
.....
#.....#.#.######..
.....
#................. ....
#.....#...........
.....#.###.#.....###<#.
....$#.....+...........


You could see 2 orcs, a hound zombie and a worker ant zombie.

Vanquished Creatures
  2 ice beasts
  An ogre (D:4)
  A bullfrog (D:6)
  2 howler monkeys (D:4)
  A hound (D:4)
  2 orc priests
  2 iguanas
  9 worker ants
  3 orc wizards
  A howler monkey zombie (D:6)
  8 adders
  4 gnolls
  A white imp (D:5)
  An ufetubus (D:5)
  3 adder skeletons
  4 worms
  A dart slug (D:1)
  3 leopard geckos
  14 orcs
  7 giant cockroaches
  12 goblins
  14 hobgoblins
  6 jackals
  9 kobolds
  3 quokkas
  5 bats
  7 frilled lizards
  A leopard gecko skeleton (D:5)
  2 rats (D:2)
129 creatures vanquished.

Vanquished Creatures (others)
  371 foxfires
371 creatures vanquished.

Grand Total: 500 creatures vanquished

Notes
Turn   | Place    | Note
-------+----------+-------------------------------------------
     0 | D:1      | MrRokkomies the Demigod Fire Elementalist began the quest
                  | for the Orb.
     0 | D:1      | Reached XP level 1. HP: 14/14 MP: 5/5
   277 | D:1      | Reached skill level 1 in Conjurations
   591 | D:1      | Reached XP level 2. HP: 15/20 MP: 4/7
  1510 | D:2      | Reached XP level 3. HP: 25/26 MP: 3/8
  1795 | D:2      | Reached XP level 4. HP: 22/33 MP: 2/10
  3236 | D:3      | Reached XP level 5. HP: 11/38 MP: 0/11
  3636 | D:3      | Found a hide-covered altar of Uskayaw.
  3645 | D:3      | Found a white marble altar of Elyvilon.
  3645 | D:3      | Found a hazy altar of Hepliaklqana.
  3836 | D:3      | Identified a +1 pair of boots of running (You found it on
                  | level 3 of the Dungeon)
  3909 | D:3      | Learned a level 3 spell: Conjure Flame
  3914 | D:3      | Learned a level 4 spell: Sticky Flame
  3930 | D:4      | Noticed an ogre
  3934 | D:4      | Killed an ogre
  3964 | D:4      | Reached XP level 6. HP: 32/45 MP: 13/13
  4581 | D:4      | Reached XP level 7. HP: 42/50 MP: 14/14
  4896 | D:5      | Entered Level 5 of the Dungeon
  4925 | D:5      | Found a staircase to the Ecumenical Temple.
  5121 | D:5      | Reached skill level 5 in Fire Magic
  5672 | D:5      | Found a shattered altar of Ashenzari.
  5673 | D:5      | Found a shimmering altar of Xom.
  6439 | D:6      | Found Ciachut's Jewellery Shop.
  6578 | D:6      | Reached skill level 5 in Conjurations
  6624 | D:6      | Slain by an orc

Illustrated notes

Levels and vault maps discovered:
D:1:      psy_arrival_statuary, layout_basic, minmay_pentomino_r4
D:2:      cheibrodos_greedy_goblins, layout_rooms
D:3:      layout_basic, grunt_temple_overflow_open
D:4:      layout_cave_pools, minmay_tree_intersection, bh_walls_and_bars
D:5:      layout_basic, gammafunk_temple_overflow_pools,
          minmay_temple_entry_mist, serial_corexii_hall,
          chequers_hall_statues_wall_a, corexii_hall_statues_s,
          chequers_hall_statues_wall_a, chequers_hall_statues_y, feat_on_display
D:6:      layout_basic, overflow_temple_1_default, enter_ossuary_5,
          serial_shops, shop, shop_fountains, shop

Skill      XL: |  1  2  3  4  5  6  7 |
---------------+----------------------+-----
Stealth        | 2 |  2.1
Conjurations   | 1 2 3 4 5 |  5.0
Dodging        | 2 3 |  3.9
Spellcasting   | 2 3 |  3.6
Fire Magic     | 3 4 5 |  5.6

Action                   |  1- 3 |  4- 6 |  7- 9 || total
-------------------------+-------+-------+-------++-------
Melee: Dagger            |    22 |     7 |    89 ||   118
       Whip              |     3 |       |       ||     3
       Quarterstaff      |       |    51 |       ||    51
       Halberd           |       |    11 |       ||    11
 Cast: Foxfire           |    67 |   104 |    35 ||   206
  Use: Scroll            |     3 |       |    11 ||    14
 Stab: Sleeping          |     1 |     1 |     6 ||     8
Armor: Robe              |     8 |    20 |    29 ||    57
Dodge: Dodged            |    54 |    86 |    82 ||   222

Table legend: (Time is in decaauts)
 A = Elapsed time spent in this place.
 B = Non-inter-level travel time spent in this place.
 C = Inter-level travel time spent in this place.
 D = Time resting spent in this place.
 E = Time spent auto-exploring this place.
 F = Levels seen in this place.
 G = Mean time per level.
                   A        B        C        D        E       F      G
               +--------+--------+--------+--------+--------+-----+--------+
         Total |   6491 |   6364 |    127 |      2 |   5447 |   6 | 1081.8 |
       Dungeon |   6491 |   6364 |    127 |      2 |   5447 |   6 | 1081.8 |
               +--------+--------+--------+--------+--------+-----+--------+

Top non-repeatable levels by time:
     D:5: 1448 daAuts
     D:2: 1445 daAuts
     D:1: 1249 daAuts
     D:3: 1240 daAuts
     D:4: 928 daAuts
     D:6: 180 daAuts
